AoeStats
← Absolute Unit

Arena

509718724Analyzed
2v2 RM · 4d ago on Sep 27, 2026· 53m 54s· 4 players
Game mode
Random Map
Map size
Medium (4 player)
Population
200
Speed
Normal
Resources
Standard
Victory
Conquest
Starting age
Dark Age
Ending age
Imperial Age
RankedLock teamsTeams togetherTeam positionsShared explorationLock speedFull tech treeHidden civsTurbo modeCheats
Victory
Defeat
🇩🇰 Danes · Denmark
833
+17
🇩🇰 Danes · Denmark
795
+18
🇷🇴 Byzantines · Romania
855
-18
🇿🇦 Italians · South Africa
833
-17
Razvaldo
10:52 Feudal Age
13:19 Double-Bit Axe
16:37 Castle Age
19:49 Bow Saw
25:21 Stone Mining
30:46 Imperial Age
28:02 Loom
29:10 Gold Mining
28:46 Elite Skirmisher
28:54 Pikeman
29:57 Treadmill Crane
30:54 Stone Shaft Mining
30:55 Gold Shaft Mining
31:29 Wheelbarrow
32:32 Chemistry
31:37 Padded Archer Armor
31:28 Fletching
32:01 Crossbowman
33:46 Cavalier
34:27 Husbandry
34:54 Hand Cart
35:10 Leather Archer Armor
34:50 Bodkin Arrow
35:33 Thumb Ring
38:02 Horse Collar
38:13 Arbalester
38:33 Light Cavalry
40:51 Two-Man Saw
45:30 Ring Archer Armor
45:00 Bracer
45:06 Scale Barding Armor
45:12 Forging
45:03 Scale Mail Armor
48:54 Ballistics
Bikini bottoms
5:50 Loom
12:23 Feudal Age
14:05 Double-Bit Axe
15:53 Wheelbarrow
18:23 Castle Age
21:40 Horse Collar
22:24 Gold Mining
26:07 Imperial Age
24:14 Bow Saw
24:11 Fletching
27:47 Ballistics
28:30 Chemistry
28:01 Bodkin Arrow
32:26 Bracer
36:09 Scale Barding Armor
37:33 Two-Man Saw
36:38 Heavy Plow
36:46 Stone Mining
38:04 Hand Cart
38:17 Hand Cart
40:19 Thumb Ring
40:56 Town Watch
43:31 Padded Archer Armor
44:50 Elite Skirmisher
47:58 Masonry
50:11 Scale Mail Armor
53:50 Conscription
Warren J. Peachy
0:38 Loom
11:00 Feudal Age
13:04 Horse Collar
14:36 Double-Bit Axe
18:45 Castle Age
17:26 Stone Mining
24:13 Wheelbarrow
30:40 Forging
30:30 Scale Mail Armor
34:52 Imperial Age
35:35 Iron Casting
35:44 Hamask
37:06 Elite Jomsviking
38:33 Heavy Plow
44:14 Blast Furnace
43:30 Chain Mail Armor
42:56 Onager
46:20 Plate Mail Armor
46:37 Hand Cart
46:39 Siege Onager
48:04 Caravan
48:24 Hamask
48:49 Northmen's Fury
54:17 Hand Cart
Absolute Unit
7:12 Loom
11:43 Feudal Age
16:07 Castle Age
14:22 Double-Bit Axe
22:14 Wheelbarrow
23:28 Gold Mining
23:28 Stone Mining
24:12 Bow Saw
29:42 Imperial Age
27:42 Forging
27:46 Scale Mail Armor
31:34 Iron Casting
31:17 Chain Mail Armor
31:28 Elite Jomsviking
32:29 Squires
32:15 Arson
33:07 Conscription
34:26 Plate Mail Armor
34:57 Blast Furnace
35:41 Hand Cart
38:27 Northmen's Fury
39:09 Onager
40:15 Elite Varangian Guard
44:35 Siege Onager
47:22 Capped Ram
48:14 Siege Engineers
49:47 Siege Ram
Connection lost

Rejoining the realm…

Still unreachable

The connection could not be restored.

Session expired

The server has moved on; the page needs a fresh start.